 Dungeon Crawl Stone Soup version 0.30-a0-141-g30f27751c5 (webtiles) character file.

Game seed: 6829940634508407275

209 qw the Chopper (level 5, -7/33 HPs)
             Began as a Gargoyle Fighter on Sept 25, 2022.
             Mangled by an ogre
             ... wielding a +0 giant spiked club
              (19 damage)
             ... on level 4 of the Dungeon.
             The game lasted 00:00:52 (2883 turns).

qw the Chopper (Gargoyle Fighter)                   Turns: 2883, Time: 00:00:53

Health: -7/33      AC: 16    Str: 26    XL:     5   Next: 87%
Magic:  5/5        EV:  7    Int:  7    God:
Gold:   146        SH:  4    Dex:  8    Spells: 4/4 levels left

rFire   . . .      SeeInvis .    Y - +0 war axe
rCold   . . .      Faith    .    c - +0 buckler
rNeg    + . .      Spirit   .    n - +0 chain mail
rPois   inf        Reflect  .    (no helmet)
rElec   +          Harm     .    i - +0 cloak
rCorr   .          Rampage  .    j - +0 pair of gloves
Will    +....                    o - +0 pair of boots
Stlth   ..........               (no amulet)
HPRegen 0.11/turn                (no ring)
MPRegen 0.09/turn                (no ring)

@: no status effects
A: sickness immunity, AC +4, negative energy resistance 1, electricity
resistance, torment resistance 1, petrification resistance, deterioration 1,
strong-willed 1, sense surroundings 1, strong 1
a: no special abilities


You were on level 4 of the Dungeon.
You visited 1 branch of the dungeon, and saw 5 of its levels.

You collected 244 gold pieces.
You spent 98 gold pieces at shops.


Innate Abilities, Weirdness & Mutations

You are immune to sickness and miasma.
Your stone body is resilient. (AC +4)
You are immune to poison.
You resist negative energy. (rN+)
You are resistant to electric shocks. (rElec)
You are resistant to unholy torment.
You are immune to petrification.
Your body sometimes deteriorates upon taking damage.
You are strong-willed. (Will+)
You passively map a small area around you.
Your muscles are strong. (Str +4, Int/Dex -1)


   Skills:
 + Level 3.7 Fighting
 - Level 5.0 Axes
 - Level 1.0 Throwing
 - Level 3.2 Armour
 - Level 3.2 Shields


You had 4 spell levels left.
You didn't know any spells.
Your spell library was empty.

Inventory:

Hand Weapons
 m - a +0 flail
 Y - a +0 war axe (weapon)
Missiles
 e - 6 javelins
 g - 2 silver javelins (quivered)
Armour
 c - a +0 buckler (worn)
 i - a +0 cloak (worn)
 j - a +0 pair of gloves (worn)
 n - a +0 chain mail (worn)
 o - a +0 pair of boots (worn)
Scrolls
 a - 2 scrolls of identify
 k - a scroll of teleportation
Potions
 d - a potion of might
 h - a potion of mutation
 l - a potion of curing

Dungeon Overview and Level Annotations

Branches:
Dungeon (5/15)
 Temple: D:4-7

Altars:
Cheibriados

Shops:
D:3 [


Message History

There is a stone staircase leading up here.
You climb upwards.
You hear the hiss of flowing sand.
There is an entrance to an ossuary on this level.
Hurry and find it before the portal is buried!
The ogre shouts!
Found a stone staircase leading up.
There is a stone staircase leading down here.
An ogre is nearby!
Existing waypoints: (1) D:5 (2) D:3 Assign waypoint to what number? (0-9, D - delete waypoint) Waypoint 2 re-assigned from D:3 to D:4.
Enter note:
2876 ||| PLANNING OSSUARY Throw: 5 javelins (silver)
Press: ? - help, Q - select action, (/) - cycle Shift-Dir - straight line, f - ogre You throw a silver javelin.
The silver javelin barely misses the ogre.
Throw: 4 javelins (silver)
Press: ? - help, Q - select action, (/) - cycle Shift-Dir - straight line, f/p - ogre You throw a silver javelin.
The silver javelin barely misses the ogre.
Throw: 3 javelins (silver)
Press: ? - help, Q - select action, (/) - cycle Shift-Dir - straight line, f/p - ogre You throw a silver javelin.
The silver javelin closely misses the ogre.
You hit the ogre.
The ogre is lightly wounded.
The ogre hits you with a +0 giant spiked club!
You slash the ogre!
The ogre is severely wounded.
The ogre hits you with a +0 giant spiked club!
You hit the ogre.
The ogre is severely wounded.
The ogre barely misses you.
You closely miss the ogre.
The ogre is severely wounded.
The ogre hits you with a +0 giant spiked club!!
Ouch! That really hurt!
You die...

, , ,, * #.
..#.....( , ..#
........( , , ,
.... #........
* ..###......,.
* , *
............ ,
, #.....#..# ,
###...O...##.
#....@.......
*,#.#..........
...###.....#. ,
#... ....## ,
#.. * *....# *
#. * <##.# * #
, #. .# * * *
,. # * ,


You could see an ogre.

Vanquished Creatures
  A hound (D:2)
  An orc priest (D:3)
  Jessica (D:2)
  An orc wizard (D:3)
  A gnoll (D:2)
  An adder (D:3)
  A dart slug (D:3)
  3 orcs (D:3)
  6 ball pythons
  9 endoplasms
  3 giant cockroaches
  2 goblins
  4 hobgoblins
  8 jackals
  8 kobolds
  4 quokkas
  7 bats
  5 frilled lizards
  5 rats
71 creatures vanquished.

Notes
Turn   | Place    | Note
-------+----------+-------------------------------------------
     0 | D:1      | qw the Gargoyle Fighter began the quest for the Orb.
     0 | D:1      | Reached XP level 1. HP: 14/14 MP: 1/1
     0 | D:1      | 0 ||| qw: Version: 0.2-a-10-g399e6c4
     0 | D:1      | 0 ||| qw: Game counter: 277
     0 | D:1      | 0 ||| qw: Always use a shield: true
     0 | D:1      | 0 ||| qw: God list: Okawaru
     0 | D:1      | 0 ||| qw: Allow faded altars: false
     0 | D:1      | 0 ||| qw: Do Orc after D:15 true
     0 | D:1      | 0 ||| qw: Do second Lair branch before Depths: true
     0 | D:1      | 0 ||| qw: Lair rune preference: random
     0 | D:1      | 0 ||| qw: Plans: Normal, Zot:1-4, God:TSO, Crypt, Tomb,
                  | Pan, Slime:5, Hells, Abyss, Orb
     0 | D:1      | 0 ||| PLANNING D:1-11
    28 | D:1      | Reached skill level 2 in Axes
   108 | D:1      | 108 ||| Stepping ~*~*~tactically~*~*~ (stealth).
   113 | D:1      | 113 ||| Stepping ~*~*~tactically~*~*~ (stealth).
   114 | D:1      | 114 ||| Stepping ~*~*~tactically~*~*~ (stealth).
   216 | D:1      | 216 ||| Stepping ~*~*~tactically~*~*~ (stealth).
   224 | D:1      | Reached XP level 2. HP: 17/19 MP: 2/2
   536 | D:1      | Reached skill level 3 in Axes
   678 | D:1      | Reached XP level 3. HP: 23/23 MP: 3/3
   683 | D:1      | 683 ||| DROPPING +0 club.
   706 | D:1      | Found a faded altar of an unknown god.
   924 | D:1      | 924 ||| UPGRADING to +0 cloak.
   929 | D:1      | 929 ||| READING 3 scrolls labelled EFODDE BOTY.
   930 | D:1      | 930 ||| READING scroll labelled UTYALE ORARA.
   934 | D:1      | 934 ||| READING 2 scrolls of identify.
   934 | D:1      | 934 ||| IDENTIFYING pink potion
   935 | D:1      | 935 ||| DROPPING potion of flight.
   957 | D:2      | 957 ||| STAIRDANCE
  1180 | D:2      | Reached skill level 1 in Throwing
  1291 | D:2      | Noticed Jessica
  1295 | D:2      | Killed Jessica
  1296 | D:2      | Reached XP level 4. HP: 28/28 MP: 4/4
  1426 | D:2      | Reached skill level 4 in Axes
  1431 | D:2      | Reached XP level 5. HP: 9/32 MP: 5/5
  1884 | D:2      | 1884 ||| DRINKING 2 sedimented dark potions.
  1884 | D:2      | Gained mutation: Your body sometimes deteriorates upon
                  | taking damage. [potion of mutation]
  1884 | D:2      | Gained mutation: You passively map a small area around you.
                  | [potion of mutation]
  1884 | D:2      | Gained mutation: You are strong-willed. (Will+) [potion of
                  | mutation]
  1884 | D:2      | Gained mutation: Your muscles are strong. (Str +4, Int/Dex
                  | -1) [potion of mutation]
  1885 | D:2      | 1885 ||| READING 3 scrolls of identify.
  1885 | D:2      | 1885 ||| IDENTIFYING bubbling black potion
  1886 | D:2      | 1886 ||| READING 2 scrolls of identify.
  1886 | D:2      | 1886 ||| IDENTIFYING glowing yellow potion
  1887 | D:2      | 1887 ||| DROPPING potion of brilliance.
  1959 | D:3      | 1959 ||| Stepping ~*~*~tactically~*~*~ (stealth).
  2040 | D:3      | HP: 1/32 [something/puff of flame (9)]
  2042 | D:3      | Reached skill level 5 in Axes
  2356 | D:3      | 2356 ||| Stepping ~*~*~tactically~*~*~ (stealth).
  2363 | D:3      | 2363 ||| DROPPING +0 whip.
  2551 | D:3      | Found a snail-covered altar of Cheibriados.
  2578 | D:3      | 2578 ||| Stepping ~*~*~tactically~*~*~ (hiding).
  2596 | D:3      | Found Bereclaa's Armour Emporium.
  2605 | D:3      | 2605 ||| BUYING +0 chain mail (49 gold).
  2605 | D:3      | Bought a +0 chain mail for 49 gold pieces
  2605 | D:3      | 2605 ||| BUYING +0 pair of boots (49 gold).
  2605 | D:3      | Bought a +0 pair of boots for 49 gold pieces
  2605 | D:3      | 2605 ||| SHOPLISTING +1 scale mail "Gegotu" {rF+} (253
                  | gold, have 75).
  2845 | D:3      | You fall into a shaft and drop 2 floors!
  2845 | D:5      | Entered Level 5 of the Dungeon
  2848 | D:5      | 2848 ||| UPGRADING to +0 pair of gloves.
  2853 | D:5      | 2853 ||| UPGRADING to +0 chain mail.
  2863 | D:5      | 2863 ||| DROPPING +0 scale mail.
  2864 | D:5      | 2864 ||| UPGRADING to +0 pair of boots.
  2869 | D:5      | 2869 ||| READING scroll labelled JUETUMEKKO.
  2875 | D:4      | Noticed an ogre
  2876 | D:4      | 2876 ||| PLANNING OSSUARY
  2883 | D:4      | Mangled by an ogre

Levels and vault maps discovered:
D:1:      dpeg_arrival_rooms_with_view, layout_basic, serial_glass,
          glass_columns_a, glass_columns_b, shapermc_ecumenical_altar_acropolis
D:2:      layout_rooms, minmay_divided_ellipse, uniq_jessica
D:3:      layout_loops_corners, amcnicky_altar_gilded, serial_shops,
          nicolae_shop_trees
D:4:      layout_cave_pools, enter_ossuary_5, dreamdust_wishing_well,
          nicolae_shop_sticking_my_neck_out
D:5:      layout_basic, serial_shops, shop_statue

Skill      XL: |  1  2  3  4  5 |
---------------+----------------+-----
Axes           | 2 3 4 5 |  5.0
Throwing       | 1 |  1.0
Fighting       | |  3.7
Armour         | |  3.2
Shields        | |  3.2

Action                   |  1- 3 |  4- 6 || total
-------------------------+-------+-------++-------
Melee: War axe           |    72 |    94 ||   166
Throw: Javelin           |     7 |    22 ||    29
  Use: Scroll            |     3 |     3 ||     6
       Potion            |       |     1 ||     1
Armor: Scale mail        |    44 |    66 ||   110
Dodge: Dodged            |    41 |    35 ||    76
Block: Buckler           |    26 |     9 ||    35

Table legend:
 A = Non-vault XP
 B = Vault XP
 C = Vault XP percentage of total XP
 D = Non-vault monster count
 E = Vault monster count
 F = Vault count percentage of total count
                 A         B        C        D         E       F
            +---------+---------+-------+---------+---------+-------
      Total |     180 |     119 |  39.8 |      55 |      16 |  22.5
            +---------+---------+-------+---------+---------+-------
        D:1 |      38 |       4 |   9.5 |      25 |       2 |   7.4
        D:2 |      19 |     115 |  85.8 |      11 |      14 |  56.0
        D:3 |     123 |       0 |   0.0 |      19 |       0 |   0.0
            +---------+---------+-------+---------+---------+-------
